 Dungeon Crawl Stone Soup version 0.31-a0-1522-g43313d8a59 (webtiles) character file.

Game seed: 16433361846593716399

14 AstroCodex24 the Shield-Bearer (level 2, -6/23 HPs)
             Began as a Vampire Fighter on Dec 9, 2023.
             Killed by nerve-wracking pain
             ... invoked by an orc priest
              (12 damage)
             ... on level 4 of the Dungeon on Dec 30, 2023.
             The game lasted 00:01:49 (265 turns).

AstroCodex24 the Shield-Bearer (Vampire Fighter)     Turns: 265, Time: 00:01:50

Health: -6/23      AC:  6    Str: 15    XL:     2   Next: 31%
Magic:  2/2        EV:  8    Int: 10    God:
Gold:   18         SH:  4    Dex: 13    Spells: 1/1 levels left

rFire   . . .        a - +0 war axe
rCold   . . .        c - +0 buckler
rNeg    . . .        b - +0 scale mail
rPois   .            (no helmet)
rElec   .            (no cloak)
rCorr   .            (no gloves)
SInv    +            (no boots)
Will    .....        (no amulet) Stlth
                     (no ring)
HPRegen 0.43/turn    (no ring)
MPRegen 0.08/turn

%: no passive effects
@: healing quickly
A: alive, fangs 3, see invisible, vampiric 1
a: Exsanguinate


You were on level 4 of the Dungeon.
You visited 1 branch of the dungeon, and saw 4 of its levels.

You collected 18 gold pieces.

Inventory:

Hand Weapons
 a - a +0 war axe (weapon)
Armour
 b - a +0 scale mail (worn)
 c - a +0 buckler (worn)
Scrolls
 f - a scroll of identify {unknown}
 g - a scroll of enchant weapon {unknown}
Potions
 d - a potion of might
 e - 2 potions of mutation {unknown}
 h - a potion of invisibility {unknown}
 i - a potion of brilliance {unknown}


   Skills:
 + Level 2.8 Fighting
 + Level 2.1 Axes
 + Level 2.5 Armour
 + Level 0.1 Dodging
 + Level 2.9 Shields


You had one spell level left.
You didn't know any spells.
Your spell library was empty.

Dungeon Overview and Level Annotations

Branches:
Dungeon (4/15)
 Temple: D:4-7

Altars:

Shops:
D:2 [


Innate Abilities, Weirdness & Mutations

Your natural rate of healing is accelerated.
You have razor-sharp teeth.
You have supernaturally acute eyesight. (SInv)
You are afflicted with vampirism.


Message History

The orc priest miscasts a cantrip.
You barely miss the orc priest.
The endoplasm quivers.
You hit the orc but do no damage.
The orc priest hits you with a +0 dagger.
The orc hits you with a +0 hand axe.
You slash the orc priest!
The orc priest is severely wounded.
You hit the orc.
The orc priest looks satisfied for a moment.
The orc hits you with a +0 hand axe.
You hit the orc priest.
The orc priest is almost dead.
You hit the orc but do no damage. The orc priest barely misses you.
You block the orc's attack. The orc hits you but does no damage.
The orc priest barely misses you.
You closely miss the orc priest.
The orc priest is almost dead.
You closely miss the orc.
The orc priest mumbles some strange prayers to Beogh against you.
Pain shoots through your body! The orc barely misses you.
You closely miss the orc priest.
The orc priest is almost dead.
You closely miss the orc. The orc priest barely misses you.
The orc hits you but does no damage. The orc barely misses you.
The orc priest completely misses you.
You barely miss the orc priest.
The orc priest is almost dead.
You hit the orc but do no damage.
The orc priest mumbles some strange prayers to Beogh against you.
Pain shoots through your body!
* * * LOW HITPOINT WARNING * * *
The orc closely misses you.
You closely miss the orc priest.
The orc priest is almost dead.
You hit the orc.
The orc priest invokes the aid of Beogh against you.
Pain shoots through your body!
Ouch! That really hurt!
You die...

#.# #.#
##.# #..#
#..#
#††+######
#....?....
#oo####.#
##o@.$..#
######.#


You could see an orc priest and 2 orcs.

Vanquished Creatures
  2 orcs (D:4)
  A bat (D:3)
  A giant cockroach (D:2)
  4 jackals (D:4)
  A ball python (D:2)
  A kobold (D:2)
  A rat (D:1)
11 creatures vanquished.

Notes
Turn   | Place    | Note
-------+----------+-------------------------------------------
     0 | D:1      | AstroCodex24 the Vampire Fighter began the quest for the
                  | Orb.
     0 | D:1      | Reached XP level 1. HP: 17/17 MP: 1/1
   111 | D:2      | Found Buuzxats's Antique Armour Boutique.
   125 | D:2      | Upgraded the game from 0.31-a0-1165-g196b491b36 to
                  | 0.31-a0-1522-g43313d8a59
   245 | D:4      | Noticed an orc priest
   250 | D:4      | Reached XP level 2. HP: 17/23 MP: 2/2
   265 | D:4      | Killed from afar by an orc priest

Illustrated notes

Levels and vault maps discovered:
D:1:      saegor_arrival_under_anarchy, layout_loops_corners
D:2:      layout_basic, dreamdust_ecumenical_altar_hidden_monk_grotto,
          serial_shops, nicolae_shop_real_fake_doors, roderic_lattice_a,
          kennysheep_boxes
D:3:      layout_basic, lemuel_tele_altar, portal_sewer_entry_f,
          nrook_mini_backslash
D:4:      layout_loops_ring, jmf_multi_god_temple2, minivault_11,
          minmay_gold_behind_fungi

Skill      XL: |  1 |
---------------+----+-----
Axes           | 2 |  2.1
Fighting       | |  2.8
Armour         | |  2.5
Dodging        | |  0.1
Shields        | |  2.9

Action                     || total
---------------------------++-------
  Melee: War axe           ||    32
         Bite              ||     2
 Armour: Scale mail        ||    35
  Dodge: Dodged            ||    28
  Block: Buckler           ||    12

Table legend: (Time is in decaauts)
 A = Elapsed time spent in this place.
 B = Non-inter-level travel time spent in this place.
 C = Inter-level travel time spent in this place.
 D = Time resting spent in this place.
 E = Time spent auto-exploring this place.
 F = Levels seen in this place.
 G = Mean time per level.
                   A        B        C        D        E       F      G
               +--------+--------+--------+--------+--------+-----+--------+
         Total |    278 |    263 |     15 |      0 |      0 |   4 |   69.5 |
       Dungeon |    278 |    263 |     15 |      0 |      0 |   4 |   69.5 |
               +--------+--------+--------+--------+--------+-----+--------+

Top non-repeatable levels by time:
     D:2: 114 daAuts
     D:1: 100 daAuts
     D:3: 37 daAuts
     D:4: 25 daAuts
